 Dungeon Crawl Stone Soup version 0.24.0-35-gdb84b6a5db (webtiles) character file.

Game seed: 6208875888984661493, levelgen mode: deterministic

391709 erzklaus the Hoplite (level 22, -4/193 HPs)
             Began as a Minotaur Berserker on Nov 19, 2019.
             Was a High Priest of Trog.
             Splashed by a deep elf sorcerer's acid (16 damage)
             ... on level 3 of the Elven Halls.
             The game lasted 06:01:26 (42587 turns).

erzklaus the Hoplite (Minotaur Berserker)          Turns: 42587, Time: 06:01:27

Health: -4/193     AC: 33    Str: 30    XL:     22   Next: 10%
Magic:  27/27      EV: 12    Int:  4    God:    Trog [*****.]
Gold:   580        SH: 32    Dex: 12    Spells: 21/21 levels left

rFire    + . .     SeeInvis .   a - +9 broad axe (vamp)
rCold    + . .     Gourm    .   D - +0 large shield
rNeg     . . .     Faith    .   y - +9 plate armour of Demons {rElec rF+ rC+ Int+2}
rPois    .         Spirit   .   W - +1 hat
rElec    +         Reflect  +   w - +0 cloak {+Inv}
rCorr    .         Harm     .   h - +1 pair of gloves
MR       ++++.     Rnd*Rage +   j - +1 pair of boots
Stlth    ..........             m - +5 amulet of reflection
HPRegen  1.42/turn              J - ring of protection from magic
MPRegen  0.20/turn              s - +3 ring of slaying

@: about to teleport, corroded, regenerating
A: retaliatory headbutt, horns 2, [berserk 1], [dopey 1], [frail 1]
}: 2/15 runes: decaying, serpentine
a: Berserk, Trog's Hand, Brothers in Arms, Renounce Religion, Evoke Invisibility


You were on level 3 of the Elven Halls.
You worshipped Trog.
Trog was extremely pleased with you.
You were not hungry.

You visited 8 branches of the dungeon, and saw 39 of its levels.
You visited the Abyss 1 time.
You visited 1 bazaar.
You also visited: Bailey and Wizlab.

You collected 3835 gold pieces.
You spent 3255 gold pieces at shops.

Inventory:

Hand Weapons
 a - a +9 vampiric broad axe (weapon)
 b - a +3 antimagic broad axe
Missiles
 t - 21 curare-tipped darts
 x - 4 throwing nets
 K - 110 poisoned darts (quivered)
 P - 19 atropa-tipped darts
Armour
 h - a +1 pair of gloves (worn)
 j - a +1 pair of boots (worn)
 w - a +0 cloak of invisibility (worn)
 y - the +9 plate armour of Demons (worn) {rElec rF+ rC+ Int+2}
   (You bought it in a shop on level 3 of the Snake Pit)

   It affects your intelligence (+2).
   It protects you from fire.
   It protects you from cold.
   It insulates you from electricity.
 D - a +0 large shield (worn)
 W - a +1 hat (worn)
Jewellery
 m - a +5 amulet of reflection (around neck)
 o - an uncursed ring of protection from cold
 s - a +3 ring of slaying (right hand)
 A - the ring "Wecoat" {+Fly rC+ rN++ Str-3 Int+2}
   (You found it in a wizard's laboratory)

   [ring of flight]

   It affects your strength (-3).
   It affects your intelligence (+2).
   It protects you from cold.
   It greatly protects you from negative energy.
   It lets you fly.
 H - an uncursed ring of poison resistance
 J - a ring of protection from magic (left hand)
 L - an uncursed ring of resist corrosion
 U - an uncursed ring of protection from fire
Wands
 k - a wand of acid (6)
 n - a wand of iceblast (25)
 u - a wand of disintegration (31)
 M - a wand of clouds (9)
 Y - a wand of digging (6)
Scrolls
 f - 3 scrolls of blinking
 p - 12 scrolls of remove curse
 q - 7 scrolls of immolation
 r - 12 scrolls of teleportation
 Q - a scroll of summoning
 R - 4 scrolls of fear
 V - 5 scrolls of identify
 X - 6 scrolls of fog
 Z - 5 scrolls of magic mapping
Potions
 d - 6 potions of agility
 g - 18 potions of curing
 v - 8 potions of might
 B - 7 potions of heal wounds
 C - 2 potions of resistance
 E - 2 potions of cancellation
 G - 7 potions of haste
 I - 2 potions of mutation
 N - 2 potions of invisibility
 S - 3 potions of lignification
 T - a potion of ambrosia
Miscellaneous
 e - a fan of gales
 l - a lamp of fire
 z - a sack of spiders
 F - a phantom mirror
 O - a box of beasts
Comestibles
 c - 59 rations


   Skills:
 * Level 22.0 Fighting
 - Level 18.0 Axes
 * Level 21.8 Armour
 + Level 6.2 Dodging
 - Level 25.0 Shields
 + Level 9.3 Evocations


You had 21 spell levels left.
You didn't know any spells.
Your spell library was empty.

Dungeon Overview and Level Annotations

Branches:
Dungeon (15/15)            Temple (1/1) D:6            Lair (6/6) D:10
  Swamp (4/4) Lair:3        Snake (4/4) Lair:3        Slime (0/5) Lair:6
    Orc (2/2) D:9             Elf (3/3) Orc:2        Vaults (4/5) D:13
  Crypt (0/3) Vaults:3     Depths (0/5) D:15         Bailey (visited)
 WizLab (visited)

Altars:
Ashenzari
Cheibriados
Dithmenos
Elyvilon
Fedhas
Gozag
Hepliaklqana
Kikubaaqudgha
Makhleb
Nemelex Xobeh
Okawaru
Qazlal
Ru
Sif Muna
Trog
Uskayaw
Vehumet
Wu Jian
Xom
Yredelemnul
Zin
The Shining One
Beogh

Shops:
D:4 =   D:7 ([   D:13 %   Orc:2 [?(=   Elf:2 *   Elf:3 %   Snake:3 [!*}
Vaults:3 (   Vaults:4 }

Portals:
Trove: Elf:1 (give Majin-Bo)

Annotations:
Swamp:3 Roxanne
Swamp:4 Bai Suzhen


Innate Abilities, Weirdness & Mutations

You reflexively headbutt those who attack you in melee.
You have a pair of horns on your head.
[You tend to lose your temper in combat.]
[You are dopey. (Int -2)]
[You are frail. (-10% HP)]


Message History

The deep elf sorcerer gestures at you while chanting.
The bolt of acid hits you but does no damage.
You are splashed with acid!
* * * LOW HITPOINT WARNING * * *
The deep elf sorcerer points at you and mumbles some strange words.
The bolt of acid hits you but does no damage.
You are splashed with acid!
* * * LOW HITPOINT WARNING * * *
As you read the scroll of teleportation, it crumbles to dust.
You feel strangely unstable.
The deep elf sorcerer's eyes start to glow.
The deep elf sorcerer gestures at you while chanting.
The bolt of acid misses you.
You closely miss the deep elf sorcerer. You headbutt the deep elf sorcerer.
The deep elf sorcerer is heavily wounded.
The deep elf sorcerer casts a spell at you.
The bolt of acid hits you.
* * * LOW HITPOINT WARNING * * *
The acid corrodes you!
You are splashed with acid!
You die...

..#.........##.....##
..#..........##...##
..+...........##''#
##########.....#..#
##....'..# ##..[#..#
###'#..# #...e..#
#..)#@.# #...#..#
#e..#..# #...#..#
....#..# .#...#..#
###...#..# #..# #..#


You could see a deep elf sorcerer.

Vanquished Creatures
  A Hellbinder (WizLab)
  A bone dragon (Swamp:4)
  2 deep elf blademasters (Elf:3)
  Asterion (Snake:4)
  3 tentacled starspawn
  A deep elf master archer (Elf:3)
  Frances (Swamp:2)
  A thorn hunter (Swamp:2)
  Kirke (D:12)
  Donald (Snake:1)
  7 nagarajas (Snake:4)
  3 frost giants
  10 vault wardens
  An orc warlord (Vaults:4)
  Aizul (Snake:4)
  4 deep elf sorcerers
  2 fire giants
  2 balrugs (WizLab)
  A deep elf elementalist (Elf:3)
  6 stone giants
  14 ironheart preservers
  2 entropy weavers
  3 very ugly things
  8 deep elf annihilators
  2 deep elf demonologists (Elf:3)
  A black sun (WizLab)
  A green death (WizLab)
  8 deep elf death magi
  A blizzard demon (WizLab)
  2 eidola (Vaults:3)
  Josephine (Lair:4)
  2 fire dragons
  9 ogre magi
  A deep elf high priest (Elf:3)
  Erolcha (Orc:2)
  2 great orbs of eyes
  A rakshasa (D:14)
  4 yaktaur captains
  25 naga warriors
  Harold (D:7)
  3 ice dragons
  The ghost of hofbold the Black Sun, a journeyman DENe of Kikubaaqudgha (Lair:3)
  A ghost crab (Swamp:4)
  15 hydras
  2 vault guards
  2 hell beasts (WizLab)
  3 shambling mangroves
  29 anacondas
  7 centaur warriors
  3 death knights
  13 alligators
  4 tengu warriors (D:15)
  An orc high priest (Orc:2)
  A sun demon (WizLab)
  30 dancing weapons
  A death yak (shapeshifter) (Vaults:4)
  3 deep troll earth magi
  20 two-headed ogres
  14 naga sharpshooters
  3 thrashing horrors
  A storm dragon zombie (Abyss:3)
  6 shock serpents
  19 deep elf knights
  A fire crab (shapeshifter) (D:15)
  3 soul eaters (WizLab)
  2 shadow wraiths
  8 skeletal warriors
  2 unseen horrors (shapeshifter)
  A spriggan druid (Swamp:4)
  6 salamander mystics
  A glowing orange brain (Abyss:3)
  4 unseen horrors
  A starcursed mass (Abyss:3)
  5 deep trolls
  4 sea snakes (Snake:2)
  11 deep elf archers
  A naga ritualist (Snake:4)
  6 spectral hydras (Swamp:4)
  5 wizards
  4 lindwurms (Snake:4)
  9 ironbrand convokers
  7 swamp dragons
  4 phantasmal warriors
  A wolf spider zombie (D:15)
  An orb spider (shapeshifter) (D:15)
  10 mana vipers
  5 harpies (Vaults:3)
  6 necromancers
  11 salamanders
  13 orc knights
  7 orc sorcerers
  A stone giant zombie (Abyss:3)
  53 deep elf magi
  43 ugly things
  3 oklob plants
  7 wolf spiders
  A manticore (D:15)
  A salamander (shapeshifter) (Vaults:4)
  A cyclops (shapeshifter) (Vaults:1)
  46 black mambas
  6 cyclopes
  12 guardian serpents
  A centaur zombie (D:12)
  27 naga magi
  4 large abominations
  11 elephants
  2 smoke demons
  2 rust devils
  16 vault sentinels
  An orange demon (WizLab)
  22 spiny frogs
  Joseph (D:9)
  4 hellions
  3 rime drakes
  4 kobold demonologists
  7 freezing wraiths
  4 swamp worm zombies (Swamp:4)
  9 komodo dragons
  17 yaktaurs
  A redback zombie (D:15)
  3 hellwings (WizLab)
  3 hydra zombies (Swamp:4)
  A meliai (shapeshifter) (Vaults:3)
  4 ice devils (WizLab)
  3 jumping spiders
  A queen bee (shapeshifter) (Vaults:3)
  A polar bear (Lair:5)
  3 trolls (shapeshifter)
  13 hornets
  Prince Ribbit (D:9)
  14 trolls
  25 blink frogs
  A polar bear (shapeshifter) (Vaults:2)
  11 tyrant leeches
  A raiju (Abyss:3)
  3 alligator zombies (Swamp:4)
  A human simulacrum (Vaults:2)
  6 hippogriffs
  11 bog bodies
  4 dream sheep
  24 slime creatures
  Sigmund (D:3)
  A flying skull (Abyss:4)
  3 shadows
  An air elemental (Elf:1)
  4 water elementals
  5 redbacks
  2 ettin skeletons (Vaults:3)
  A small abomination (Abyss:3)
  6 wraiths
  3 spriggans
  2 humans
  4 basilisks
  5 ynoxinuls
  2 fire elementals
  30 yaks
  8 hogs
  A golden eye (shapeshifter) (Vaults:3)
  33 vampire mosquitoes
  2 hungry ghosts (D:9)
  A neqoxec (WizLab)
  7 chaos spawn
  Menkaure (D:7)
  5 wargs
  14 swamp worms
  27 insubstantial wisps
  54 nagas
  5 acid dragons
  10 porcupines
  17 water moccasins
  An ice dragon simulacrum (Abyss:4)
  7 swamp drakes
  38 orc warriors
  2 eyes of draining
  A hornet zombie (D:14)
  4 swamp dragon zombies (Swamp:4)
  4 ice beasts
  38 ogres
  11 phantoms
  2 wolves (Lair:1)
  An eye of draining (shapeshifter) (Vaults:3)
  15 boggarts
  25 centaurs
  17 crocodiles
  4 elf zombies (Elf:1)
  23 bullfrogs
  2 human zombies (Vaults:3)
  4 big kobolds
  A gnoll sergeant (D:11)
  A wyvern zombie (D:10)
  An earth elemental (Elf:2)
  2 wyvern skeletons
  A hornet simulacrum (D:14)
  3 scorpions
  A troll zombie (D:9)
  6 killer bees (D:7)
  4 howler monkeys
  25 wights
  3 electric eels
  3 jellies
  3 crimson imps
  A bullfrog zombie (D:12)
  A gnoll shaman (D:3)
  14 orc priests
  8 centaur skeletons
  7 hounds
  An iron imp (Abyss:3)
  17 orc wizards
  Crazy Yiuf (D:7)
  An iguana (D:10)
  A spectral swamp drake (Swamp:4)
  6 worker ants
  5 ogre zombies (D:9)
  A hound zombie (D:3)
  2 hound skeletons
  2 worker ant zombies
  17 gnolls
  19 adders
  A swamp drake zombie (Swamp:4)
  A shadow imp (D:4)
  A white imp (Vaults:1)
  An ufetubus (Vaults:1)
  3 oozes
  2 adder zombies
  An adder skeleton (D:4)
  3 worms
  5 dart slugs
  10 leopard geckos
  75 orcs
  4 giant cockroaches
  11 goblins
  11 hobgoblins
  5 jackals
  6 quokkas
  8 ball pythons
  6 bats (D:2)
  5 frilled lizards
  2 goblin zombies (D:9)
  A hobgoblin zombie (D:9)
  41 kobolds
  A leopard gecko skeleton (D:9)
  2 orc skeletons (D:9)
  14 orc zombies (D:9)
  7 rats
  A butterfly (Lair:1)
  6 crawling corpses (Elf:3)
  4 fungi
  A plant (Lair:5)
  2 starspawn tentacles (Abyss:3)
1757 creatures vanquished.

Vanquished Creatures (collateral kills)
  Sonja (Orc:1)
  A cyclops (Orc:1)
  A troll (Orc:1)
  A warg (Orc:1)
  An orc warrior (Orc:1)
  An ogre (Orc:2)
  An orc priest (Orc:1)
  7 orcs
14 creatures vanquished.

Vanquished Creatures (others)
  A deep elf master archer (Elf:3)
  A deep elf annihilator (Elf:3)
  3 centaur warriors
  An alligator (Swamp:4)
  3 naga sharpshooters
  A deep elf knight (Elf:2)
  A cyclops (Vaults:1)
  4 yaktaurs
  A vampire mosquito (Swamp:1)
  3 insubstantial wisps (Swamp:4)
  A swamp drake (Swamp:4)
  2 centaurs (Vaults:1)
  An orc (Vaults:4)
  A ball python (Snake:2)
  A crawling corpse (Elf:3)
  11 fungi
  2 lurking horrors
  48 plants
  4 starspawn tentacles
90 creatures vanquished.

Grand Total: 1861 creatures vanquished

Notes
Turn   | Place    | Note
-------+----------+-------------------------------------------
     0 | D:1      | erzklaus the Minotaur Berserker began the quest for the
                  | Orb.
     0 | D:1      | Reached XP level 1. HP: 19/19 MP: 0/0
     3 | D:1      | Noticed an electric eel
     3 | D:1      | Noticed an electric eel
   327 | D:1      | Reached XP level 2. HP: 26/27 MP: 1/1
   707 | D:2      | Found a bloodstained altar of Trog.
   707 | D:2      | Found a white marble altar of Elyvilon.
  1073 | D:2      | Reached XP level 3. HP: 31/33 MP: 2/2
  1099 | D:2      | Reached ** piety under Trog
  1182 | D:2      | Reached skill level 5 in Axes
  1570 | D:2      | Reached XP level 4. HP: 39/41 MP: 3/3
  1959 | D:3      | Reached XP level 5. HP: 47/47 MP: 4/4
  2038 | D:3      | Noticed Sigmund
  2048 | D:3      | Killed Sigmund
  2048 | D:3      | Reached skill level 5 in Fighting
  2048 | D:3      | Reached XP level 6. HP: 56/56 MP: 5/5
  2506 | D:4      | Noticed an ice beast
  2511 | D:4      | Killed an ice beast
  2771 | D:4      | Reached XP level 7. HP: 36/62 MP: 6/6
  2881 | D:4      | Reached *** piety under Trog
  2931 | D:4      | Found Xeisch's Jewellery Shop.
  3397 | D:5      | Entered Level 5 of the Dungeon
  3675 | D:5      | Reached skill level 5 in Armour
  3772 | D:5      | Got a pitted silver ring
  3953 | D:5      | Found an ornate altar of the Wu Jian Council.
  4244 | D:5      | Identified the ring "Susy" {rPois rF- Int+5 Stlth+} (You
                  | found it on level 5 of the Dungeon)
  4333 | D:6      | Reached XP level 8. HP: 50/71 MP: 7/7
  4771 | D:6      | Found a staircase to the Ecumenical Temple.
  4785 | Temple   | Entered the Ecumenical Temple
  5151 | D:6      | Reached skill level 10 in Axes
  5665 | D:7      | Found Neff's Armour Shoppe.
  5718 | D:7      | Reached **** piety under Trog
  5857 | D:7      | Reached XP level 9. HP: 81/81 MP: 8/8
  5869 | D:7      | Noticed Menkaure
  5878 | D:7      | Killed Menkaure
  6049 | D:7      | Found Matzunur's Weapon Shoppe.
  6091 | D:7      | Noticed Harold
  6125 | D:7      | Killed Harold
  6438 | D:7      | Reached XP level 10. HP: 91/91 MP: 9/9
  6641 | D:7      | Found an iron altar of Okawaru.
  6641 | D:7      | Found a shimmering altar of Xom.
  6642 | D:7      | Found a basalt altar of Yredelemnul.
  6695 | D:7      | Found a runed translucent door.
  6696 | D:7      | Noticed Crazy Yiuf
  6704 | D:7      | Killed Crazy Yiuf
  6775 | D:7      | Bought a +0 large shield for 67 gold pieces
  7123 | D:8      | Got a bloodstained leather armour
  7580 | D:9      | Reached skill level 1 in Shields
  7626 | D:9      | Found a flagged portal.
  7640 | Bailey   | Entered a bailey
  7669 | Bailey   | Reached skill level 2 in Shields
  7800 | Bailey   | Identified the +3 leather armour of Responsibility {-Cast
                  | +Blink Str+4 Int+7} (You found it on level 8 of the
                  | Dungeon)
  7876 | Bailey   | Reached ***** piety under Trog
  8168 | D:9      | Reached skill level 3 in Shields
  8187 | D:9      | Found a staircase to the Orcish Mines.
  8237 | D:9      | Reached skill level 10 in Fighting
  8371 | D:9      | Reached skill level 4 in Shields
  8443 | D:9      | Noticed Prince Ribbit
  8449 | D:9      | Killed Prince Ribbit
  8488 | D:9      | Noticed Joseph
  8509 | D:9      | Killed Joseph
  8620 | D:9      | Got a polished chain mail
  8851 | D:9      | Identified the +2 chain mail "Qarubirch" {rCorr} (You found
                  | it on level 9 of the Dungeon)
  8853 | D:10     | Entered Level 10 of the Dungeon
  8892 | D:10     | Reached skill level 5 in Shields
  8990 | D:10     | Received a gift from Trog
  8996 | D:10     | Reached XP level 11. HP: 72/101 MP: 10/10
  9005 | D:10     | Got a crude hand axe {god gift}
  9006 | D:10     | Identified the +9 hand axe of Ragnarok {venom, rF+ Dex+5}
                  | (Trog gifted it to you on level 10 of the Dungeon)
  9047 | D:10     | Reached skill level 6 in Shields
  9102 | D:10     | Found a staircase to the Lair.
  9662 | D:10     | Found a shadowy altar of Dithmenos.
  9861 | D:11     | Noticed a five-headed hydra
  9878 | D:11     | Killed a five-headed hydra
  9878 | D:11     | Reached skill level 10 in Armour
  9878 | D:11     | Reached skill level 7 in Shields
 10026 | D:11     | Noticed a two-headed ogre
 10033 | D:11     | Killed a two-headed ogre
 10077 | D:11     | Reached skill level 8 in Shields
 10511 | D:11     | Received a gift from Trog
 10653 | Lair:1   | Entered Level 1 of the Lair of Beasts
 10781 | Lair:1   | Reached skill level 9 in Shields
 10939 | Lair:1   | Reached XP level 12. HP: 110/110 MP: 11/11
 11007 | Lair:1   | Noticed a seven-headed hydra
 11017 | Lair:1   | Killed a seven-headed hydra
 11126 | Lair:1   | Reached skill level 10 in Shields
 11235 | Lair:1   | Noticed a four-headed hydra
 11245 | Lair:1   | Killed a four-headed hydra
 11245 | Lair:1   | Reached skill level 15 in Axes
 12479 | Lair:3   | Found a staircase to the Snake Pit.
 12600 | Lair:3   | Reached skill level 11 in Shields
 12743 | Lair:3   | Found a staircase to the Swamp.
 13009 | Lair:3   | Found a runed translucent door.
 13011 | Lair:3   | Noticed hofbold's ghost (journeyman DENe)
 13289 | Lair:4   | Noticed a four-headed hydra
 13295 | Lair:4   | Killed a four-headed hydra
 13373 | Lair:4   | You fall into a shaft and drop 2 floors!
 13373 | Lair:6   | Entered Level 6 of the Lair of Beasts
 13376 | Lair:6   | Noticed a four-headed hydra
 13400 | Lair:6   | Killed a four-headed hydra
 13684 | Lair:5   | Reached skill level 12 in Shields
 13763 | Lair:5   | Reached XP level 13. HP: 119/119 MP: 12/12
 13924 | Lair:4   | Noticed Josephine
 13951 | Lair:4   | Killed Josephine
 14125 | Lair:4   | Received a gift from Trog
 14817 | Lair:5   | Reached skill level 13 in Shields
 15775 | Lair:6   | Reached skill level 14 in Shields
 15924 | Lair:6   | Reached XP level 14. HP: 115/130 MP: 13/13
 16218 | Lair:6   | Found a staircase to the Slime Pits.
 16377 | Lair:6   | Reached skill level 1 in Evocations
 16916 | Orc:1    | Entered Level 1 of the Orcish Mines
 16925 | Orc:1    | Found a roughly hewn altar of Beogh.
 17122 | Orc:1    | Noticed Sonja
 17141 | Orc:1    | Killed Sonja
 17277 | Orc:1    | Received a gift from Trog
 17435 | Orc:2    | Entered Level 2 of the Orcish Mines
 17614 | Orc:2    | Reached skill level 15 in Shields
 17836 | Orc:2    | Found Ubaif's Antique Weapon Boutique.
 17837 | Orc:2    | Found Isaataw's Armour Shoppe.
 17855 | Orc:2    | Found Veoh's Magic Scroll Emporium.
 17908 | Orc:2    | Found Xero's Jewellery Shoppe.
 17933 | Orc:2    | Found a staircase to the Elven Halls.
 18212 | Orc:2    | Noticed Erolcha
 18241 | Orc:2    | Killed Erolcha
 18425 | Orc:2    | Bought a +2 plate armour of fire resistance for 640 gold
                  | pieces
 18445 | Orc:2    | Bought a shimmering trident for 272 gold pieces
 18447 | Orc:2    | Identified the +10 trident "Jokhlefeo" {drain, rElec rF+
                  | Str+4 SInv} (You bought it in a shop on level 2 of the
                  | Orcish Mines)
 18455 | Orc:2    | Bought an uncursed ring of protection from magic for 375
                  | gold pieces
 18467 | Orc:2    | Bought a scroll of fog for 30 gold pieces
 18467 | Orc:2    | Bought a scroll of fog for 30 gold pieces
 18467 | Orc:2    | Bought a scroll of teleportation for 45 gold pieces
 18467 | Orc:2    | Bought a scroll of teleportation for 45 gold pieces
 18675 | D:12     | Noticed Kirke
 18695 | D:12     | Killed Kirke
 19330 | D:12     | Reached XP level 15. HP: 139/139 MP: 5/16
 19416 | D:13     | Found a shimmering blue altar of Sif Muna.
 19467 | D:13     | You fall into a shaft and drop 2 floors!
 19467 | D:15     | Entered Level 15 of the Dungeon
 19486 | D:15     | Received a gift from Trog
 19542 | D:15     | Reached skill level 16 in Shields
 19697 | D:15     | Found a staircase to the Depths.
 19713 | D:15     | Received a gift from Trog
 20058 | D:13     | Found Vosog's Food Boutique.
 20274 | D:13     | Found a gate to the Vaults.
 21086 | D:14     | Reached skill level 5 in Evocations
 21269 | D:15     | Reached skill level 15 in Fighting
 21341 | D:15     | Received a gift from Trog
 21578 | D:15     | Reached skill level 17 in Shields
 21978 | Lair:3   | Killed hofbold's ghost
 22029 | Swamp:1  | Entered Level 1 of the Swamp
 22692 | Swamp:1  | Received a gift from Trog
 23011 | Swamp:2  | Noticed Frances
 23023 | Swamp:2  | Killed Frances
 23023 | Swamp:2  | Reached skill level 15 in Armour
 23110 | Swamp:2  | Reached XP level 16. HP: 114/149 MP: 12/18
 23432 | Swamp:2  | Found a shimmering altar of Xom.
 23445 | Swamp:2  | Noticed a thorn hunter
 23459 | Swamp:2  | Killed a thorn hunter
 23920 | Swamp:2  | Reached skill level 18 in Shields
 24441 | Swamp:3  | Noticed Roxanne
 24510 | Swamp:3  | Received a gift from Trog
 25174 | Swamp:3  | Noticed Bai Suzhen
 25255 | Swamp:4  | Entered Level 4 of the Swamp
 26881 | Swamp:4  | Noticed a bone dragon
 27115 | Swamp:4  | Killed a bone dragon
 27310 | Swamp:4  | Paralysed by a hornet for 3 turns
 27543 | Swamp:4  | Reached skill level 19 in Shields
 27914 | Swamp:4  | Got a decaying rune of Zot
 29400 | Snake:1  | Entered Level 1 of the Snake Pit
 29566 | Snake:1  | Identified the +0 scale mail "Simoleh" {*Drain MR+++ Int+7
                  | Dex-5}
 29605 | Snake:1  | Noticed Donald
 29621 | Snake:1  | Killed Donald
 29621 | Snake:1  | Received a gift from Trog
 29621 | Snake:1  | Reached XP level 17. HP: 152/152 MP: 19/19
 29929 | Snake:1  | You fall into a shaft and drop 1 floor!
 29968 | Snake:2  | Reached skill level 20 in Shields
 30295 | Snake:2  | Received a gift from Trog
 30841 | Snake:3  | Found Xaudgh's Assorted Antiques.
 30842 | Snake:3  | Found Axohompu's Gadget Shop.
 30842 | Snake:3  | Found Remuf's Armour Boutique.
 30845 | Snake:3  | Found Cudagreeck's Distillery.
 31024 | Snake:3  | Got a wavering ivory ring
 31026 | Snake:3  | Identified the ring "Bailab" {rElec rF- Int+3 Stlth+} (You
                  | found it on level 3 of the Snake Pit)
 31097 | Snake:3  | Found a runed translucent gate.
 31097 | Snake:3  | Found a runed translucent gate.
 31097 | Snake:3  | Found a runed translucent gate.
 31140 | Snake:3  | Received a gift from Trog
 31291 | Snake:3  | Bought the +9 plate armour of Demons {rElec rF+ rC+ Int+2}
                  | for 1301 gold pieces
 31332 | Snake:3  | Bought a wand of digging (6) for 220 gold pieces
 31343 | Snake:4  | Entered Level 4 of the Snake Pit
 31457 | Snake:4  | Reached skill level 21 in Shields
 31600 | Snake:4  | Reached XP level 18. HP: 171/171 MP: 20/20
 31604 | Snake:4  | Noticed Aizul
 31610 | Snake:4  | Noticed Asterion
 31619 | Snake:4  | Killed Aizul
 31623 | Snake:4  | Killed Asterion
 31642 | Snake:4  | Found a glowing golden altar of the Shining One.
 31991 | Snake:4  | Received a gift from Trog
 32242 | Snake:4  | Reached skill level 22 in Shields
 32341 | Snake:4  | Received a gift from Trog
 32391 | Snake:4  | Got a serpentine rune of Zot
 32766 | Vaults:1 | Entered Level 1 of the Vaults
 32909 | Vaults:1 | Reached XP level 19. HP: 181/181 MP: 21/21
 33172 | Vaults:1 | Received a gift from Trog
 33485 | Vaults:1 | Reached skill level 23 in Shields
 33946 | Vaults:1 | Identified the Collected Works on Execration
 34644 | Vaults:2 | Reached ****** piety under Trog
 34692 | Vaults:2 | Found a flickering gateway to a bazaar.
 34709 | Bazaar   | Entered a bazaar
 34733 | Bazaar   | Found Dusul's Magic Scroll Shoppe.
 34751 | Bazaar   | Found Rentuim's Distillery.
 34801 | Bazaar   | Found Aguarhu's General Store.
 34814 | Bazaar   | Found Goumiteh's Book Shoppe.
 34838 | Bazaar   | Bought a scroll of blinking for 97 gold pieces
 34860 | Bazaar   | Bought a scroll of teleportation for 42 gold pieces
 34860 | Bazaar   | Bought a scroll of magic mapping for 49 gold pieces
 34860 | Bazaar   | Bought a scroll of teleportation for 42 gold pieces
 35603 | Vaults:3 | Found Ihaptett's Antique Weapon Shop.
 35620 | Vaults:3 | Found a magical portal.
 35739 | WizLab   | Received a gift from Trog
 35784 | WizLab   | Reached skill level 24 in Shields
 35883 | WizLab   | Reached XP level 20. HP: 75/193 MP: 22/22
 36638 | WizLab   | Identified the +6 lajatang of the Whale {vamp, MR+}
 36638 | WizLab   | Noticed Ynuc Ongiku
 36654 | WizLab   | Killed Ynuc Ongiku the Hellbinder
 36662 | WizLab   | Found a burning altar of Makhleb.
 36758 | WizLab   | Got a coiled marble ring
 36760 | WizLab   | Identified the ring "Wecoat" {+Fly rC+ rN++ Str-3 Int+2}
                  | (You found it in a wizard's laboratory)
 36852 | Vaults:3 | Received a gift from Trog
 36864 | Vaults:3 | Identified a scroll of acquirement
 36869 | Vaults:3 | Got a pair of ichor-stained gloves
 36880 | Vaults:3 | Identified the +0 pair of gloves of Analysis {Int+2 Dex+3}
                  | (You acquired it on level 3 of the Vaults)
 37168 | Vaults:3 | Found a staircase to the Crypt.
 37524 | Vaults:3 | Received a gift from Trog
 37645 | Vaults:3 | Received a gift from Trog
 38160 | Vaults:4 | Received a gift from Trog
 38162 | Vaults:4 | Reached skill level 25 in Shields
 38399 | Vaults:4 | Found Taisuo Myvin's Gadget Boutique.
 38839 | Vaults:4 | Reached XP level 21. HP: 136/202 MP: 25/25
 39682 | Elf:1    | Entered Level 1 of the Elven Halls
 39919 | Elf:1    | Found a portal to a secret trove of treasure.
 40241 | Elf:1    | Received a gift from Trog
 40526 | Elf:2    | Found Dibulaits's Assorted Antiques.
 40644 | Elf:2    | Found a runed translucent gate.
 40647 | Elf:2    | Found a runed translucent gate.
 40649 | Elf:2    | Found a runed translucent gate.
 40682 | Elf:2    | Identified the cursed +3 shortbow "Qestoel" {velocity,
                  | Int+2}
 40845 | Elf:2    | Received a gift from Trog
 41232 | Elf:2    | Received a gift from Trog
 41550 | Elf:3    | Entered Level 3 of the Elven Halls
 41682 | Elf:3    | Found Siusisen's Food Emporium.
 41842 | Elf:3    | Reached skill level 5 in Dodging
 42090 | Elf:3    | Received a gift from Trog
 42167 | Elf:3    | Identified the cursed +1 whip of Reinforcement {slash, rC+}
 42183 | Elf:3    | Cast into level 2 of the Abyss (a deep elf sorcerer)
 42278 | Abyss:3  | Reached XP level 22. HP: 206/215 MP: 27/27
 42575 | Elf:3    | Escaped the Abyss
 42587 | Elf:3    | Splashed by a deep elf sorcerer's acid

Levels and vault maps discovered:
D:1:      arrival_aquarium_b, layout_basic, minmay_tetromino_i2
D:2:      minmay_razor_zed, layout_basic,
          chequers_temple_overflow_statue_of_worship
D:3:      layout_basic, first_ration, uniq_sigmund
D:4:      layout_basic, serial_shops, shop, minmay_misc_feat_tiny
D:5:      layout_basic, overflow_temple_1_default
D:6:      layout_basic, minmay_temple_entry_overgrown
D:7:      layout_cave_pools, gammafunk_temple_overflow_claw, serial_shops, shop,
          shop, grunt_livestock, uniq_harold, uniq_menkaure,
          uniq_crazy_yiuf_cottage
D:8:      layout_loops_ring, minmay_misc_feat_columns,
          small_statue_intersection, dk_rats_in_the_wall
D:9:      layout_basic, zombieorc1_lemuel, enter_bailey_2, minmay_checkerbox,
          uniq_prince_ribbit1, uniq_joseph
D:10:     layout_loops_ring, minmay_lair_entry_grove, grunt_dithmenos_smoke
D:11:     layout_gridville
D:12:     layout_basic, uniq_kirke
D:13:     layout_basic, david_vaults_1, serial_shops, shop, basic_altar
D:14:     layout_rooms, kennysheep_nub
D:15:     grunt_enter_depths_magical_seal, layout_irregular_city,
          hangedman_abyss_or_decor_lesser_grid, hangedman_decor_clover_reticule,
          palyth_stone_intersect
Temple:   eino_temple_rhombus
Lair:1:   layout_roguey, beast_lair_carwin_3, lemuel_fruit_fields
Lair:2:   layout_gridlike
Lair:3:   layout_gridlike, minmay_swamp_entry_worms,
          minmay_snake_entry_guardpost_small, ebering_ghost_inner_flame,
          serial_bayou_shore_b, infiniplex_staircase_pool
Lair:4:   layout_gridlike, serial_bayou_shore_b, uniq_josephine
Lair:5:   layout_hall_layers, grunt_megastairs_1, serial_bayou_shore_b
Lair:6:   minmay_lair_end_frog_pond, layout_layer_cave,
          minmay_slime_entry_oklob_enclosed, chequers_serial_rivers_micro_e,
          minivault_25, lookout_lair_type, lemuel_fruit_tree
Swamp:1:  layout_basic_swamp, evilmike_swamp_ruin_rubble_1
Swamp:2:  layout_basic_swamp, lemuel_altar_in_water, swamp_pool5, uniq_frances
Swamp:3:  layout_falls_marsh, evilmike_swamp_ruin_rubble_2, uniq_bai_suzhen,
          uniq_roxanne
Swamp:4:  swamp_pestilence, layout_basic_swamp, swamp_pool1
Snake:1:  layout_misc_corridors, uniq_donald
Snake:2:  layout_onion, nicolae_snake_springs
Snake:3:  layout_onion_interference, nicolae_snake_horde_hoard, minmay_shoptagon
Snake:4:  snake_pit_salamanders_mu, layout_basic, basic_altar, special_room,
          uniq_aizul, uniq_asterion
Orc:1:    layout_caves, basic_altar, uniq_sonja
Orc:2:    st_orc_open, layout_caves, rock_pile, uniq_erolcha
Elf:1:    minmay_elf_arrival_summoners, layout_gridlike, enter_trove_2,
          minmay_elf_necromancy
Elf:2:    layout_gridlike, serial_shops, shop
Elf:3:    grunt_elf_hall_branching, layout_geoelf_castle, serial_shops, shop,
          serial_sigils_hangedman_scratch
Vaults:1: hangedman_vaults_stitches, vaults_room_grunt_arrival_ludios,
          ontoclasm_vaults_pinch, hangedman_vaults_impose,
          vaults_room_fancy_cross, v_misc_19, vaults_standard_mumra_x,
          nicolae_vaults_little_ls, nicolae_vaults_hallways_thing,
          vaults_mumra_lcd, st_cross, serial_ice_h, ontoclasm_vaults_chip,
          ontoclasm_vaults_chip, ontoclasm_vaults_hangar,
          layout_vaults_omnicross
Vaults:2: ontoclasm_vaults_claustrophobia, ontoclasm_vaults_idyll, v_pattern_5,
          layout_vaults_omnigrid, serial_shops, bzr_entry_water
Vaults:3: v_misc_17, hangedman_vaults_nodes, vaults_mumra_chevron, v_pattern_3,
          v_rooms_4, vaults_mumra_minichess_inversion,
          nicolae_vaults_windows_and_doors_thing, minmay_crypt_entry_simple_box,
          v_misc_3, ontoclasm_vaults_gateway, vaults_room_semicircle,
          ontoclasm_vaults_twist, layout_vaults_ring, mu_enter_wizlab_4,
          serial_shops, nicolae_shop_overgrown_old_shop
Vaults:4: nicolae_vaults_an_arrangement, v_misc_25, v_misc_9,
          nicolae_vaults_big_ls, v_pattern_1, nicolae_vaults_border_crossing,
          vaults_dpeg_hooks, layout_vaults_chaotic_city, serial_shops, shop

Skill      XL: |  1  2  3  4  5  6  7  8  9 10 11 12 13 14 15 16 17 18 19 20 21 22 |
---------------+-------------------------------------------------------------------+-----
Axes           | 4 5 6 7 9 10 12 13 14 15 16 17 18 | 18.0
Fighting       | 4 5 6 8 9 10 11 12 13 14 15 16 17 18 19 20 21 22 | 22.0
Armour         | 3 4 5 6 8 9 10 12 13 14 15 16 17 18 19 20 21 | 21.8
Shields        | 5 9 12 14 15 17 19 21 22 24 25 | 25.0
Evocations     | 3 5 7 9 |  9.3
Dodging        | 5 6 |  6.2

Action                   |  1- 3 |  4- 6 |  7- 9 | 10-12 | 13-15 | 16-18 | 19-21 | 22-24 || total
-------------------------+-------+-------+-------+-------+-------+-------+-------+-------++-------
Melee: Hand axe          |    23 |       |       |   408 |  1113 |   446 |       |       ||  1990
       Headbutt          |    11 |    16 |    53 |   203 |   375 |   384 |   373 |    27 ||  1442
       Whip              |    56 |    91 |   246 |   132 |    42 |    49 |       |       ||   616
       War axe           |       |       |       |   205 |       |       |       |       ||   205
       Broad axe         |       |       |       |       |       |   801 |  1369 |    64 ||  2234
Throw: Stone             |    11 |     8 |    39 |     1 |       |       |       |       ||    59
       Boomerang         |       |       |       |    42 |    77 |    14 |       |       ||   133
Invok: Berserk           |     1 |     2 |       |       |     2 |     1 |       |       ||     6
       Trog's Hand       |     1 |     4 |     7 |    10 |    25 |    25 |    33 |     3 ||   108
       Brothers in Arms  |       |       |       |       |     3 |       |       |       ||     3
 Abil: Evoke Blink       |       |       |       |     7 |       |       |       |       ||     7
Evoke: Wand              |       |       |       |     2 |     1 |     4 |       |       ||     7
       Fan of gales      |       |       |       |       |       |     1 |       |       ||     1
       Lamp of fire      |       |       |       |       |       |     1 |       |       ||     1
  Use: Scroll            |       |     2 |    13 |    17 |     9 |    16 |     8 |     2 ||    67
       Potion            |       |       |       |       |       |     2 |       |       ||     2
 Stab: Confused          |       |       |       |       |       |     3 |       |       ||     3
  Eat: Chunk             |     3 |     7 |    14 |    28 |    42 |    26 |    38 |     1 ||   159
       Ration            |       |       |       |     1 |       |     5 |     1 |     1 ||     8
Armor: Animal skin       |     7 |     1 |       |       |       |       |       |       ||     8
       Ring mail         |       |     4 |       |       |       |       |       |       ||     4
       Scale mail        |       |    14 |     4 |       |       |       |       |       ||    18
       Chain mail        |       |       |    21 |   171 |   164 |       |       |       ||   356
       Plate armour      |       |       |    74 |   193 |   179 |   469 |   311 |    18 ||  1244
       Leather armour    |       |       |       |    17 |       |       |       |       ||    17
Dodge: Dodged            |    57 |    56 |    60 |   122 |   153 |   192 |   160 |    12 ||   812
Block: Large shield      |       |       |       |   651 |   957 |  1545 |  1395 |   100 ||  4648
       Reflection        |       |       |       |       |       |   147 |   139 |     1 ||   287
